 Dungeon Crawl Stone Soup version 0.30-a0-596-g0af90f9a20 (webtiles) character file.

Game seed: 4178728348294081148

7 pussydetroyer9000 the Slasher (level 2, 0/29 HPs)
             Began as an Ogre Gladiator on Jan 6, 2023.
             Succumbed to a goblin's poison
             ... on level 1 of the Dungeon.
             The game lasted 00:01:12 (246 turns).

pussydetroyer9000 the Slasher (Ogre Gladiator)       Turns: 246, Time: 00:01:13

Health: 0/29       AC:  3    Str: 17    XL:     2   Next: 4%
Magic:  2/2        EV: 10    Int:  9    God:
Gold:   16         SH:  0    Dex: 10    Spells: 1/1 levels left

rFire   . . .      SeeInvis .    a - +0 long sword
rCold   . . .      Faith    .    (no shield)
rNeg    . . .      Spirit   .    b - +0 robe
rPois   .          Reflect  .    c - +0 hat
rElec   .          Harm     .    (no cloak)
rCorr   .          Rampage  .    (gloves unavailable)
Will    .....                    (boots unavailable)
Stlth   +                        (no amulet)
HPRegen 0.24/turn                (no ring)
MPRegen 0.08/turn                (no ring)

@: lethally poisoned (0 -> -3)
A: large, unfitting armour, tough skin 1
a: no special abilities


You were on level 1 of the Dungeon.
You visited 1 branch of the dungeon, and saw 1 of its levels.

You collected 16 gold pieces.

Inventory:

Hand Weapons
 a - a +0 long sword (weapon)
Missiles
 d - 3 throwing nets (quivered)
 e - a large rock
Armour
 b - a +0 robe (worn)
 c - a +0 hat (worn)
Scrolls
 f - a scroll of fog {unknown}


   Skills:
 + Level 2.8 Fighting
 + Level 3.0 Long Blades
 + Level 2.0 Throwing
 + Level 2.8 Dodging


You had one spell level left.
You didn't know any spells.
Your spell library was empty.

Dungeon Overview and Level Annotations

Branches:
Dungeon (1/15)

Altars:


Innate Abilities, Weirdness & Mutations

You are too large for most types of armour.
You have tough skin. (AC +1)


Message History

Unknown command.
Unknown command.
Unknown command.
Unknown command.
Unknown command.
There is a stone staircase leading down here.
A goblin comes into view. It is wielding a +1 dagger of venom.
The goblin shouts!
Found a scroll labelled BESKEOMPIK.
The goblin attacks as you move away! The goblin completely misses you.
Why would you want to do that? Why would you want to do that?
Why would you want to do that? Why would you want to do that?
Why would you want to do that? Why would you want to do that?
Why would you want to do that? Why would you want to do that?
Why would you want to do that? Why would you want to do that?
Why would you want to do that? Why would you want to do that?
Why would you want to do that? Why would you want to do that?
Why would you want to do that? The goblin hits you but does no damage.
Found 3 stones.
The goblin attacks as you move away!
The goblin hits you with a +1 dagger of venom.
* * * LOW HITPOINT WARNING * * *
You are lethally poisoned!
* * * LOW HITPOINT WARNING * * *
You feel very sick.
* * * LOW HITPOINT WARNING * * *
You feel sick.
* * * LOW HITPOINT WARNING * * *
You feel sick.
* * * LOW HITPOINT WARNING * * *
You feel sick. The goblin barely misses you.
You die...

# #≈≈≈≈≈≈≈.# # #####
#≈≈≈≈≈≈≈.####.# #
≈≈≈≈#.#####≈≈≈......# #
≈≈≈≈# ... #≈≈..####.## #
≈≈≈≈# ..##≈≈......... ###
.≈≈≈### #.##...####.#.
..##..≈≈≈≈####.....#
..†.....≈≈≈≈≈...(.g#
...$...........#@..#
####...##.................
#####..# ###.###...######.
......... .. .......
#####..##.. .....##.#
##### .# #........ ...
#...# .# .####### .#.
....# .. #...#


You could see a goblin.

Vanquished Creatures
  An endoplasm (D:1)
  A giant cockroach (D:1)
  A hobgoblin (D:1)
  2 ball pythons (D:1)
  2 frilled lizards (D:1)
  A rat (D:1)
8 creatures vanquished.

Notes
Turn   | Place    | Note
-------+----------+-------------------------------------------
     0 | D:1      | pussydetroyer9000 the Ogre Gladiator began the quest for
                  | the Orb.
     0 | D:1      | Reached XP level 1. HP: 22/22 MP: 1/1
   207 | D:1      | HP: 1/22 [rat (2)]
   210 | D:1      | Reached XP level 2. HP: 3/29 MP: 2/2
   212 | D:1      | Reached skill level 3 in Long Blades
   245 | D:1      | HP: 1/29 [poisoned by a goblin]
   246 | D:1      | Succumbed to a goblin's poison

Illustrated notes

Levels and vault maps discovered:
D:1:      mushboom_english_gardens, layout_basic,
          hellmonk_ecumenical_altar_inner_sanctum, grunt_decor_junction

Skill      XL: |  1  2 |
---------------+-------+-----
Long Blades    | 3 |  3.0
Fighting       | |  2.8
Throwing       | |  2.0
Dodging        | |  2.8

Action                   || total
-------------------------++-------
Melee: Long sword        ||    22
Armor: Robe              ||    20
Dodge: Dodged            ||    55

Table legend: (Time is in decaauts)
 A = Elapsed time spent in this place.
 B = Non-inter-level travel time spent in this place.
 C = Inter-level travel time spent in this place.
 D = Time resting spent in this place.
 E = Time spent auto-exploring this place.
 F = Levels seen in this place.
 G = Mean time per level.
                   A        B        C        D        E       F      G
               +--------+--------+--------+--------+--------+-----+--------+
         Total |    252 |    252 |      0 |      0 |      0 |   1 |  252.0 |
       Dungeon |    252 |    252 |      0 |      0 |      0 |   1 |  252.0 |
               +--------+--------+--------+--------+--------+-----+--------+

Top non-repeatable levels by time:
     D:1: 252 daAuts
